 Dungeon Crawl Stone Soup version 0.17.0-7-gfadd4cc (console) character file.

11066 gw the Cleaver (level 11, 0/103 HPs)
             Began as a Deep Dwarf Gladiator on Nov 8, 2015.
             Was a High Priest of Makhleb.
             Slain by a wyvern (3 damage)
             ... on level 11 of the Dungeon.
             The game lasted 00:14:21 (9639 turns).

gw the Cleaver (Deep Dwarf Gladiator)               Turns: 9639, Time: 00:14:21

Health: 0/103      AC: 17    Str: 19    XL:     11   Next: 44%
Magic:  0/0        EV:  8    Int:  9    God:    Makhleb [*****.]
Gold:   152        SH:  0    Dex: 16    Spells: 0 memorised, 10 levels left

rFire  . . .     SeeInvis .     a - +3 battleaxe (freeze)
rCold  . . .     Clarity  .     b - +0 plate armour
rNeg   . . .     SustAt   .     (shield currently unavailable)
rPois  .         Gourm    .     c - +0 helmet
rElec  .         Spirit   .     (no cloak)
rCorr  .         Warding  .     i - +0 pair of gloves
rMut   .         Stasis   .     (no boots)
MR     +....                    (no amulet)
Stlth  ..........               (no ring)
                                (no ring)

@: non-regenerating, somewhat resistant to hostile enchantments, extremely
unstealthy
A: damage resistance, recharge devices, sense surroundings 2, slow regeneration
3
a: Device Recharging, Minor Destruction, Lesser Servant of Makhleb, Major
Destruction, Greater Servant of Makhleb, Renounce Religion


You were on level 11 of the Dungeon.
You worshipped Makhleb.
Makhleb was extremely pleased with you.
You were not hungry.

You visited 2 branches of the dungeon, and saw 12 of its levels.

You collected 152 gold pieces.

Inventory:

Hand Weapons
 a - a +3 battleaxe of freezing (weapon)
Missiles
 d - 3 throwing nets
 g - 25 bolts
 h - 13 silver bolts
Armour
 b - a +0 plate armour (worn)
 c - a +0 helmet (worn)
 i - a +0 pair of gloves (worn)
Wands
 e - a wand of heal wounds (0)
Comestibles
 f - 11 bread rations


   Skills:
 + Level 7.8 Fighting
 * Level 13.2 Axes
 - Level 1.7 Throwing
 + Level 9.2 Armour
 - Level 3.2 Dodging
 + Level 8.9 Invocations


You had 10 spell levels left.
You didn't know any spells.

Dungeon Overview and Level Annotations

Branches:
Dungeon (11/15)            Temple (1/1) D:5            Lair (0/8) D:10
    Orc: D:9-12

Altars:
Ashenzari
Cheibriados
Dithmenos
Elyvilon
Fedhas
Gozag
Kikubaaqudgha
Makhleb
Nemelex Xobeh
Okawaru
Qazlal
Ru
Sif Muna
Trog
Vehumet
Xom
Yredelemnul
Zin
The Shining One

Shops:
D:4 ?   D:9 (

Annotations:
D:9 Maurice


Innate Abilities, Weirdness & Mutations

You are resistant to damage.
You can recharge devices by infusing magical energy.
You passively map the area around you.
You do not regenerate naturally.


Message History

The wyvern is almost dead.
The wyvern bites you but does no damage.
Unknown command.
Unknown command.
Unknown command.
Unknown command.
ATTACKING (1,0)
Your plate armour prevents you from hitting the wyvern.
The wyvern is almost dead.
The wyvern completely misses you.
The wyvern bites you but does no damage.
Unknown command.
Unknown command.
Unknown command.
Unknown command.
ATTACKING (1,0)
You completely miss the wyvern.
The wyvern is almost dead.
The wyvern bites you.
You die...

#####%#### #...........#..#.#..
.........# #.......#.###..#.#..
###......# #########.?......#..
#......# #..##.<#.#.. #......#
#......#.... #......#
#...#.##.#.. #.....##
#?.......#..
#.....##############...........
#.............gl.......#.......
#.....#############....#.#..###
#.....# , #....... #...).##.# *
, #...#### ########.#.# * ###.#
#.#.# , #)# #.#.# #...[# #.#
#.#.# #....# #.# ###.#.# #....#
#.#


You could see a wyvern.

Table legend:
 A = Turns spent in this place as a percentage of turns spent in the entire game.
 B = Non-inter-level travel turns spent in this place as a percentage of non-inter-level travel turns spent in the entire game.
 C = Inter-level travel turns spent in this place as a percentage of turns spent in this place.
 D = Turns resting spent in this place as a percentage of non-inter-level travel turns spent in this place.
 E = Turns spent auto-exploring this place as a percentage of non-inter-level travel turns spent in this place.
 F = Non-inter-level travel turns spent in this place divided by the number of levels of this place that you've seen.
                   A       B       C       D       E      F
               +-------+-------+-------+-------+-------+----------------------
         Total | 100.0 | 100.0 |   0.6 |   0.0 |   2.2 | 1726.0
       Dungeon |  98.6 |  98.6 |   0.6 |   0.0 |   2.2 | 1856.8
        Temple |   1.4 |   1.4 |   1.0 |   0.0 |   4.9 | 287.0
               +-------+-------+-------+-------+-------+----------------------

Table legend:
 A = Kills in this place as a percentage of kills in entire the game.
 B = Kills by you in this place as a percentage of kills by you in the entire game.
 C = Kills by friends in this place as a percentage of kills by friends in the entire game.
 D = Other kills in this place as a percentage of other kills in the entire game.
 E = Experience gained in this place as a percentage of experience gained in the entire game.
 F = Experience gained in this place divided by the number of levels of this place that you have seen.
                   A       B       C       D       E      F
               +-------+-------+-------+-------+-------+----------------------
         Total | 100.0 | 100.0 | 100.0 |  -nan | 100.0 | 1317.4
       Dungeon | 100.0 | 100.0 | 100.0 |  -nan | 100.0 | 1437.2
               +-------+-------+-------+-------+-------+----------------------

Vanquished Creatures
  Josephine (D:10)
  An ugly thing (D:11)
  An elephant (D:10)
  The ghost of Esekla the Cutter, a novice FoCj (D:6)
  A gargoyle (D:9)
  A troll (D:9)
  Prince Ribbit (D:6)
  2 two-headed ogres
  A deep elf mage (D:9)
  Sigmund (D:3)
  A human (D:7)
  4 wraiths
  2 hippogriffs
  Eustachio (D:5)
  A yak (D:10)
  A hog (D:7)
  Menkaure (D:7)
  A soldier ant (D:10)
  A water moccasin (D:7)
  4 sky beasts
  2 ice beasts
  4 orc warriors
  6 centaurs
  4 ogres
  A phantom (D:8)
  A black bear (D:8)
  2 big kobolds
  Blork the orc (D:5)
  6 giant frogs
  A wyvern zombie (D:8)
  10 killer bees
  3 scorpions
  8 wights
  5 crimson imps
  4 jellies
  2 centaur zombies
  2 hounds
  7 orc priests
  A centaur skeleton (D:10)
  8 worker ants
  2 quasits
  3 giant frog zombies (D:5)
  6 orc wizards
  4 iguanas
  3 sheep (D:7)
  A hound zombie (D:5)
  2 worker ant zombies
  4 gnolls (D:2)
  3 shadow imps
  12 adders
  An ooze (D:1)
  2 adder zombies
  2 worms
  5 giant geckos
  36 orcs
  6 giant cockroaches
  5 hobgoblins
  5 jackals
  26 kobolds
  2 quokkas (D:4)
  7 bats
  A giant gecko skeleton (D:7)
  A giant gecko zombie (D:8)
  7 giant newts
  7 goblins
  A jackal zombie (D:7)
  A quokka skeleton (D:6)
  A rat (D:1)
  A plant (D:7)
263 creatures vanquished.

Vanquished Creatures (collateral kills)
  A hill giant (D:10)
  A wraith (D:10)
  5 yaks (D:10)
  A giant frog (D:10)
  A crimson imp (D:10)
  2 sheep (D:10)
11 creatures vanquished.

Vanquished Creatures (others)
  A plant (D:7)
1 creature vanquished.

Grand Total: 275 creatures vanquished

Notes
Turn   | Place    | Note
--------------------------------------------------------------
     0 | D:1      | gw the Deep Dwarf Gladiator began the quest for the Orb.
     0 | D:1      | Reached XP level 1. HP: 19/19 MP: 1/1
     2 | D:1      | Noticed a human
     4 | D:1      | Noticed a draconian
     4 | D:1      | Noticed a demigod
     6 | D:1      | Noticed an octopode
     8 | D:1      | Noticed a gargoyle
     8 | D:1      | Noticed a demonspawn
    10 | D:1      | Noticed a formicid
    10 | D:1      | Noticed a minotaur
    13 | D:1      | Noticed a centaur
    13 | D:1      | Noticed an elf
    15 | D:1      | Noticed a vampire
    15 | D:1      | Noticed a naga
    17 | D:1      | Noticed a merfolk
    19 | D:1      | Noticed an ogre
    19 | D:1      | Noticed a ghoul
    21 | D:1      | Noticed a spriggan
    21 | D:1      | Noticed a vine stalker
    23 | D:1      | Noticed a troll
    25 | D:1      | Noticed a tengu
    27 | D:1      | Noticed a dwarf
    27 | D:1      | Noticed a felid
   126 | D:1      | Reached XP level 2. HP: 21/26 MP: 2/2
   680 | D:2      | Reached skill level 4 in Axes
   680 | D:2      | Reached skill level 1 in Armour
   680 | D:2      | Reached XP level 3. HP: 20/32 MP: 3/3
  1059 | D:2      | Reached XP level 4. HP: 23/40 MP: 4/4
  1632 | D:3      | Noticed Sigmund
  1645 | D:3      | Killed Sigmund
  1645 | D:3      | Reached skill level 5 in Axes
  1645 | D:3      | Reached XP level 5. HP: 29/49 MP: 5/5
  1709 | D:3      | Reached XP level 6. HP: 50/56 MP: 6/6
  1996 | D:3      | Reached skill level 6 in Axes
  2353 | D:4      | Reached XP level 7. HP: 37/62 MP: 6/6
  2564 | D:4      | Found Caicloyb's Magic Scroll Shoppe.
  2613 | D:4      | Reached skill level 7 in Axes
  2967 | D:5      | Entered Level 5 of the Dungeon
  3157 | D:5      | Noticed Blork the orc
  3203 | D:5      | Killed Blork the orc
  3203 | D:5      | Reached XP level 8. HP: 50/73 MP: 5/5
  3223 | D:5      | Noticed Eustachio
  3231 | D:5      | Found a staircase to the Ecumenical Temple.
  3272 | D:5      | Reached skill level 8 in Axes
  3272 | D:5      | Reached skill level 5 in Armour
  3311 | D:5      | Killed Eustachio
  3387 | Temple   | Entered the Ecumenical Temple
  3396 | Temple   | Became a worshipper of Makhleb the Destroyer
  4102 | D:6      | Noticed Prince Ribbit
  4127 | D:6      | Reached skill level 1 in Invocations
  4155 | D:6      | Reached skill level 5 in Fighting
  4185 | D:6      | Reached skill level 9 in Axes
  4206 | D:6      | Killed Prince Ribbit
  4243 | D:6      | Noticed Esekla's ghost (novice FoCj)
  4260 | D:6      | Killed Esekla's ghost
  4260 | D:6      | Reached * piety under Makhleb
  4260 | D:6      | Gained mutation: You passively map the area around you. [Deep Dwarf growth]
  4260 | D:6      | Reached XP level 9. HP: 47/81 MP: 5/5
  4660 | D:6      | Reached skill level 10 in Axes
  4991 | D:7      | Noticed Menkaure
  5023 | D:7      | Killed Menkaure
  5268 | D:7      | Reached skill level 5 in Invocations
  5283 | D:7      | Reached ** piety under Makhleb
  5926 | D:7      | Reached skill level 11 in Axes
  5958 | D:7      | Reached XP level 10. HP: 57/92 MP: 5/5
  6146 | D:7      | Reached *** piety under Makhleb
  7157 | D:8      | Reached **** piety under Makhleb
  7361 | D:8      | Found a sacrificial altar of Ru.
  7782 | D:9      | Noticed Maurice
  8073 | D:9      | Reached skill level 12 in Axes
  8172 | D:9      | Found Soamul's Weapon Shop.
  8176 | D:9      | Reached ***** piety under Makhleb
  8634 | D:10     | Entered Level 10 of the Dungeon
  8798 | D:10     | Noticed an Executioner
  8804 | D:10     | Reached XP level 11. HP: 51/100 MP: 1/1
  8824 | D:10     | Noticed an elephant
  8830 | D:10     | Killed an elephant
  8844 | D:10     | Noticed Josephine
  8879 | D:10     | Killed Josephine
  8914 | D:10     | Found a staircase to the Lair.
  9087 | D:10     | Noticed a hill giant
  9093 | D:10     | Killed a hill giant
  9093 | D:10     | Reached skill level 13 in Axes
  9633 | D:11     | HP: 5/103 [wyvern (11)]
  9639 | D:11     | Slain by a wyvern

Action                   |  1- 3 |  4- 6 |  7- 9 | 10-12 || total
-------------------------+-------+-------+-------+-------++-------
Melee: War axe           |   121 |    97 |       |       ||   218
       Battleaxe         |       |       |   472 |   381 ||   853
Invok: Minor Destruction |       |       |    29 |   154 ||   183
       Greater Servant o |       |       |       |     2 ||     2
       Lesser Servant of |       |       |       |     1 ||     1
 Abil: Device Recharging |       |     1 |     8 |     8 ||    17
Evoke: Wand              |     3 |     3 |    40 |    23 ||    69
 Stab: Distracted        |       |       |       |     1 ||     1
  Eat: Chunk             |     1 |     4 |    14 |    14 ||    33
       Bread ration      |       |       |       |     1 ||     1

Vault maps used:
D:1:      kb_arrival_jail, minivault_11
D:3:      minmay_misc_feat_four_crosses, grunt_ministairs_7, corner_web_ring,
          uniq_sigmund
D:4:      first_bread, serial_shops, nicolae_shop_crystal
D:5:      minmay_temple_entry_purple_smoke, uniq_eustachio, uniq_blork_the_orc
D:6:      uniq_prince_ribbit1
D:7:      kennysheep_kobold_camp, enter_bailey_2, grunt_livestock, uniq_menkaure
D:8:      kennysheep_mini_moat
D:9:      serial_shops, shop, grunt_ministairs_1, uniq_maurice
D:10:     david_lair_generic, uniq_josephine
D:11:     erik_orc_1, fedhas_bush_and_centaur_altar, uniq_urug
Temple:   grunt_wide_crystal_templ_18
